 Dungeon Crawl Stone Soup version 0.25-a0-842-g81a31cfd23 (webtiles) character file.

Game seed: 5993436895128818805, levelgen mode: deterministic

487 Conn the Sneak (level 7, -9/43 HPs)
             Began as an Octopode Wizard on Apr 24, 2020.
             Mangled by an ogre
             ... wielding a +0 giant spiked club
              (32 damage)
             ... on level 5 of the Dungeon.
             The game lasted 00:13:33 (4927 turns).

Conn the Sneak (Octopode Wizard)                    Turns: 4927, Time: 00:13:34

Health: -9/43      AC:  1    Str:  6    XL:     7   Next: 13%
Magic:  12/14      EV: 14    Int: 23    God:
Gold:   338        SH:  0    Dex: 15    Spells: 1/15 levels left

rFire    . . .     SeeInvis .   n - +3 dagger
rCold    . . .     Gourm    .   (no shield)
rNeg     . . .     Faith    .   a - +0 hat
rPois    .         Spirit   .   (no amulet)
rElec    .         Reflect  .   b - ring of wizardry
rCorr    .         Harm     .   f - +5 ring of dexterity
MR       .....                  (no ring)
Stlth    ++++......             (no ring)
HPRegen  0.14/turn              (no ring)
MPRegen  0.14/turn              (no ring)
                                (no ring)
                                (no ring)

@: no status effects
A: almost no armour, stealthy swim, amphibious, 8 rings, constrict 8, camouflage
1, gelatinous body 1
a: no special abilities


You were on level 5 of the Dungeon.
You were not hungry.

You visited 1 branch of the dungeon, and saw 5 of its levels.

You collected 338 gold pieces.

Inventory:

Hand Weapons
 j - a +0 short sword
 l - a +0 mace of protection
 n - a +3 dagger (weapon)
Armour
 a - a +0 hat (worn)
Jewellery
 b - a ring of wizardry (left tentacle)
 f - a +5 ring of dexterity (right tentacle)
 o - an uncursed ring of ice
Wands
 h - a wand of random effects (18)
Scrolls
 d - a scroll of enchant weapon {unknown}
 k - 2 scrolls of amnesia
 p - 3 scrolls of identify
Potions
 e - 3 potions of magic {unknown}
 g - 3 potions of curing {unknown}
 i - 2 potions of flight {unknown}
 m - a potion of invisibility {unknown}
 q - a potion of brilliance {unknown}
 r - 2 potions of haste {unknown}
 s - a potion of resistance {unknown}
Comestibles
 c - 14 rations


   Skills:
 + Level 1.5 Fighting
 + Level 0.6 Short Blades
 + Level 2.6 Maces & Flails
 + Level 2.9 Dodging
 + Level 5.0 Stealth
 - Level 0.4 Unarmed Combat
 * Level 4.7 Spellcasting
 + Level 2.0 Conjurations
 + Level 1.4 Summonings
 + Level 1.0 Translocations
 + Level 0.2 Air Magic
 + Level 0.9 Poison Magic


You had one spell level left.
You knew the following spells:

 Your Spells              Type           Power        Failure   Level  Hunger
a - Magic Dart            Conj           ##..         1%          1    None
b - Blink                 Tloc           N/A          4%          2    None
c - Call Imp              Summ           ##......     3%          2    None
d - Conjure Flame         Conj/Fire      ##......     8%          3    ##.....
e - Mephitic Cloud        Conj/Pois/Air  ##......     8%          3    ##.....
f - Dazzling Flash        Conj/Hex       ##....       8%          3    ##.....

Your spell library contained the following spells:

 Spells                   Type           Power        Failure   Level  Hunger
 Beastly Appendage        Tmut           #.....       4%          1    None
 Corona                   Hex            #......      4%          1    None
 Ensorcelled Hibernation  Hex/Ice        #.....       6%          2    None
 Slow                     Hex            #.......     6%          2    None
 Sticks to Snakes         Tmut           #.......     6%          2    None
 Spider Form              Tmut/Pois      #.........   10%         3    ##.....
 Confusing Touch          Hex            #.......     12%         3    ##.....
 Tukima's Dance           Hex            #.......     12%         3    ##.....
 Ice Form                 Ice/Tmut       #.......     34%         4    ####...
 Blade Hands              Tmut           #.........   69%         5    #####..


Dungeon Overview and Level Annotations

Branches:
Dungeon (5/15)             Temple (0/1) D:5

Altars:
Elyvilon
Hepliaklqana
Nemelex Xobeh
Okawaru
Trog
Uskayaw
The Shining One


Innate Abilities, Weirdness & Mutations

You cannot wear most types of armour.
You are very stealthy in the water. (Stealth+)
You are amphibious.
You can wear up to eight rings at the same time.
You can use your tentacles to constrict eight enemies at once.
Your skin changes colour to match your surroundings (Stealth+).
Your rubbery body absorbs attacks. (AC +1, EV +1)


Message History

You add the spells Beastly Appendage, Sticks to Snakes, Spider Form, Ice Form and Blade Hands to your library.
Okay, then.
Unknown command.
Unknown command.
Found a leather armour.
An ogre comes into view. It is wielding a +0 giant spiked club.
Found a staircase to the Ecumenical Temple.
The helpless ogre fails to defend itself.
You impale the ogre!!
The ogre is severely wounded.
The ogre hits you with a +0 giant spiked club!!
Casting: Magic Dart (safe; 1% risk of failure)
Confirm with . or Enter, or press ? or * to list all spells.
Okay, then.
Casting: Magic Dart (safe; 1% risk of failure)
Confirm with . or Enter, or press ? or * to list all spells.
A beastly little devil appears in a puff of frigid air.
The ogre hits you with a +0 giant spiked club!!
Ouch! That really hurt!
You die...

... #............##.#. ...
#.>.............# ##.##
###.............. #...#
#..##..#####.#. #.⌠.#
##..#.## #.## #...# ##.#.#
##.## ######.### #...#
#....
#........######..######....
#........O@5...............
#........####......[###....
#############.......##.....
....................
..............##....
######.......###..(.
#.......# #.... #########
#.... #####


You could see an ogre and a friendly white imp.

Vanquished Creatures
  Duvessa (D:4)
  Dowan (D:4)
  A howler monkey (D:4)
  A crimson imp (D:5)
  2 hounds (D:4)
  2 orc wizards
  A worker ant (D:4)
  An adder (D:2)
  3 oozes
  4 worms
  3 dart slugs
  3 leopard geckos
  9 orcs
  6 bats
  3 giant cockroaches
  10 goblins
  6 hobgoblins
  9 jackals
  6 kobolds
  6 quokkas
  3 ball pythons
  5 frilled lizards
  3 rats
89 creatures vanquished.

Vanquished Creatures (collateral kills)
  An adder (D:2)
  An orc (D:3)
  A jackal (D:2)
  A kobold (D:3)
4 creatures vanquished.

Grand Total: 93 creatures vanquished

Notes
Turn   | Place    | Note
-------+----------+-------------------------------------------
     0 | D:1      | Conn the Octopode Wizard began the quest for the Orb.
     0 | D:1      | Reached XP level 1. HP: 11/11 MP: 4/4
    78 | D:1      | Reached XP level 2. HP: 5/17 MP: 0/6
   392 | D:1      | Learned a level 2 spell: Blink
   395 | D:1      | Learned a level 2 spell: Call Imp
   686 | D:1      | Reached skill level 3 in Stealth
   819 | D:1      | Reached XP level 3. HP: 21/21 MP: 4/8
  1588 | D:2      | Reached XP level 4. HP: 12/27 MP: 4/9
  2839 | D:3      | Found a bloodstained altar of Trog.
  3135 | D:3      | Reached XP level 5. HP: 31/31 MP: 11/11
  3250 | D:4      | Learned a level 3 spell: Conjure Flame
  3254 | D:4      | Learned a level 3 spell: Mephitic Cloud
  3301 | D:4      | Reached skill level 1 in Maces & Flails
  3930 | D:4      | Reached skill level 4 in Stealth
  3930 | D:4      | Reached XP level 6. HP: 29/37 MP: 12/12
  4027 | D:4      | Noticed Dowan
  4032 | D:4      | Noticed Duvessa
  4043 | D:4      | Killed Dowan
  4043 | D:4      | Reached skill level 1 in Fighting
  4066 | D:4      | Killed Duvessa
  4243 | D:4      | Learned a level 3 spell: Dazzling Flash
  4417 | D:5      | Entered Level 5 of the Dungeon
  4448 | D:5      | Found a hazy altar of Hepliaklqana.
  4563 | D:5      | Reached skill level 5 in Stealth
  4563 | D:5      | Reached XP level 7. HP: 19/43 MP: 14/14
  4787 | D:5      | Found a white marble altar of Elyvilon.
  4787 | D:5      | Found an iron altar of Okawaru.
  4792 | D:5      | Found a glowing golden altar of the Shining One.
  4794 | D:5      | Found a hide-covered altar of Uskayaw.
  4796 | D:5      | Found a sparkling altar of Nemelex Xobeh.
  4919 | D:5      | Found a staircase to the Ecumenical Temple.
  4927 | D:5      | Mangled by an ogre

Levels and vault maps discovered:
D:1:      kennysheep_arrival_forest, layout_loops_cross, minmay_misc_feat_tower
D:2:      layout_basic
D:3:      layout_rooms, nicolae_overflow_crystal_walls
D:4:      layout_loops_ring, uniq_duvessa
D:5:      layout_rooms, kennysheep_mini_moat,
          chequers_temple_overflow_minitemple, lemuel_round_altar,
          minmay_temple_entry_antechambers, first_ration,
          nemelex_dance_club_becter

Skill      XL: |  1  2  3  4  5  6 |
---------------+-------------------+-----
Stealth        | 3 4 5 |  5.0
Spellcasting   | 4 |  4.7
Maces & Flails | 2 |  2.6
Fighting       | 1 |  1.5
Conjurations   | 2 |  2.0
Short Blades   | |  0.6
Dodging        | |  2.9
Unarmed Combat | |  0.4
Summonings     | |  1.4
Translocations | |  1.0
Air Magic      | |  0.2
Poison Magic   | |  0.9

Action                   |  1- 3 |  4- 6 |  7- 9 || total
-------------------------+-------+-------+-------++-------
Melee: Unarmed           |    47 |    28 |       ||    75
       Tentacles         |     9 |    25 |     1 ||    35
       Constrict         |     8 |    31 |     3 ||    42
       Punch             |     1 |       |       ||     1
       Mace              |       |    65 |       ||    65
       Short sword       |       |     1 |       ||     1
       Dagger            |       |    28 |    15 ||    43
 Cast: Magic Dart        |    60 |    52 |     5 ||   117
       Call Imp          |     2 |     3 |     1 ||     6
       Mephitic Cloud    |       |     3 |       ||     3
       Conjure Flame     |       |     1 |       ||     1
  Use: Scroll            |       |     2 |       ||     2
       Potion            |       |     1 |       ||     1
 Stab: Sleeping          |     6 |    15 |     1 ||    22
       Confused          |       |     2 |       ||     2
  Eat: Chunk             |     2 |     6 |     1 ||     9
       Ration            |       |     1 |       ||     1
Armor: Skin              |     7 |    17 |     1 ||    25
Dodge: Dodged            |    42 |    89 |     7 ||   138

Table legend:
 A = Non-vault XP
 B = Vault XP
 C = Vault XP percentage of total XP
 D = Non-vault monster count
 E = Vault monster count
 F = Vault count percentage of total count
                 A         B        C        D         E       F
            +---------+---------+-------+---------+---------+-------
      Total |     480 |     217 |  31.1 |      91 |       2 |   2.2
            +---------+---------+-------+---------+---------+-------
        D:1 |      57 |       0 |   0.0 |      24 |       0 |   0.0
        D:2 |      72 |       0 |   0.0 |      25 |       0 |   0.0
        D:3 |      39 |       0 |   0.0 |      19 |       0 |   0.0
        D:4 |     208 |     217 |  51.1 |      12 |       2 |  14.3
        D:5 |     104 |       0 |   0.0 |      11 |       0 |   0.0
            +---------+---------+-------+---------+---------+-------
